Senators vs Little Stars

Created - 9 décembre 2014 at 19:18

Goals
1 2 3 T
Senators 2 2 0 4
Little Stars 2 2 1 5
Shots
1 2 3 T
Senators 9 15 12 36
Little Stars 10 3 15 28

1st period

1. Senators , Rob Niedermayer 11 (Stanislav Chistov) at 0:19
2. Little Stars , Corey Trivino 2 (Matt Halischuk, Mathieu Roy) at 17:01
3. Senators , Rob Niedermayer 12 (Vladimir Mihalik, Stanislav Chistov) at 17:25
4. Little Stars , Matt Halischuk 13 (Corey Trivino, Clay Wilson) at 18:17

Penalties :
No Penalty

2nd period

5. Little Stars , Mathieu Roy 5 (Marcus Kruger) at 1:45
6. Senators , Sergei Kostitsyn 20 (Steven Goertzen, Josh Hennessy) at 2:35
7. Senators , Stanislav Chistov 22 (Vladimir Mihalik) at 5:01 (SH)
8. Little Stars , Ryan Vesce 21 (Marcus Kruger) at 5:57 (PP)

Penalties :
Steven Goertzen (BIN) for Boarding (Minor) at 4:16, Ryan Vesce (Tex) for Goalie Interference (Minor) at 7:22, Josh Hennessy (BIN) for Interference (Minor) at 14:50

3rd period

9. Little Stars , Marcus Kruger 13 (Mathieu Roy) at 0:08

Penalties :
Jesse Joensuu (Tex) for Holding Stick (Minor) at 3:55, Jesse Joensuu (Tex) for Hooking (Minor) at 9:04

Goalie Stats

Jacob Markstrom (BIN), 23 saves from 28 shots - (0,821), L, 6-13-3, 59:10 minutes
Erik Ersberg (Tex), 32 saves from 36 shots - (0,889), W, 17-6-3, 60:00 minutes

Players Stats for Senators

Player Name              G  A  P  +/- PIM S  H  SB GA TA FO     MP     PP MP  PK MP  
------------------------------------------------------------------------------------
Brett Sterling           0  0  0  -1  0   2  0  1  0  0  0/1    11:13   0:04   0:23 
Cody Hodgson             0  0  0  -1  0   3  2  0  0  0  5/8    11:10   0:00   0:38 
Erik Haula               0  0  0   0  0   0  0  0  0  0  3/3     8:09   0:00   0:20 
Erik Karlsson            0  0  0  -1  0   0  0  0  1  0  0/0    21:00   1:42   1:52 
Gabriel Bourque          0  0  0   0  0   0  0  0  2  0  0/0     7:49   0:00   0:00 
Jack Skille              0  0  0  -1  0   2  3  0  1  0  0/0    11:10   0:17   0:00 
Josh Hennessy            0  1  1   1  2   4  2  0  0  1  6/11   16:47   2:07   0:21 
Logan Stephenson         0  0  0  -1  0   1  0  0  0  0  0/0    21:00   1:42   1:52 
Milan Jurcina            0  0  0   0  0   2  3  2  2  1  0/0    26:50   4:15   1:48 
Niklas Hagman            0  0  0   0  0   3  1  0  3  1  1/2    23:31   3:46   2:17 
Rob Niedermayer          2  0  2   0  0   5  1  0  1  1  17/33  23:35   3:46   2:21 
Sergei Kostitsyn         1  0  1   0  0   3  0  0  0  0  0/0    16:26   2:07   0:00 
Shane Sims               0  0  0   1  0   0  1  1  0  1  0/0    12:10   0:00   0:00 
Stanislav Chistov        1  2  3   1  0   7  5  0  0  1  0/0    22:15   3:46   1:00 
Steven Goertzen          0  1  1   0  2   2  2  0  0  0  0/0    16:05   1:54   0:00 
Tyson Barrie             0  0  0   1  0   0  0  0  1  0  0/0    12:10   0:00   0:00 
Vladimir Mihalik         0  2  2   0  0   1  1  2  4  1  0/0    26:50   4:15   1:48 
Zack Kassian             0  0  0   0  0   1  3  0  0  0  0/0     8:08   0:04   0:00 

Players Stats for Little Stars

Player Name              G  A  P  +/- PIM S  H  SB GA TA FO     MP     PP MP  PK MP  
------------------------------------------------------------------------------------
Alexander Vasyunov       0  0  0   2  0   0  1  0  0  0  0/0    10:02   0:00   0:46 
Cameron Schilling        0  0  0   0  0   1  0  1  0  3  0/0    18:59   1:46   2:23 
Carl Hagelin             0  0  0  -2  0   4  3  1  3  1  1/3    16:49   1:47   0:24 
Clay Wilson              0  1  1   0  0   0  2  1  1  2  0/0    24:55   1:54   3:34 
Cody Bass                0  0  0  -2  0   0  3  0  0  0  3/8    16:25   1:47   0:00 
Corey Trivino            1  1  2   2  0   1  1  0  0  1  3/7    14:14   0:00   1:35 
Danny DeKeiser           0  0  0   0  0   0  0  0  0  0  0/0     6:02   0:00   0:00 
Hugh Jessiman            0  0  0  -2  0   1  1  0  0  1  0/0    20:47   1:47   3:05 
Jared Spurgeon           0  0  0   0  0   1  0  0  0  0  0/0    10:04   0:00   0:00 
Jesse Joensuu            0  0  0   0  4   2  1  0  0  0  0/2    20:13   1:53   0:16 
Jimmy Hayes              0  0  0   0  0   1  3  0  0  0  0/0     9:47   0:10   0:00 
Landon Ferraro           0  0  0   0  0   0  0  0  0  0  2/2     6:32   0:00   0:50 
Marcus Kruger            1  2  3   0  0   2  2  0  0  0  14/31  20:30   1:53   1:31 
Mathieu Roy              1  2  3   0  0   1  3  0  0  3  0/0    24:55   1:54   3:34 
Matt Halischuk           1  1  2   2  0   3  1  1  2  1  0/0    13:50   0:00   1:08 
Matt Pelech              0  0  0   0  0   1  0  0  0  0  0/0    10:04   0:00   0:00 
Raphael Diaz             0  0  0   0  0   3  0  1  0  2  0/0    18:59   1:46   2:23 
Robert Czarnik           0  0  0   0  0   0  0  0  0  0  0/0     0:00   0:00   0:00 
Ryan Ellis               0  0  0   0  0   0  0  1  0  0  0/0     6:02   0:00   0:00 
Ryan Vesce               1  0  1   0  2   7  2  0  1  1  3/5    24:51   1:43   2:19 

3 Stars

1 - Stanislav Chistov (BIN)
2 - Mathieu Roy (Tex)
3 - Marcus Kruger (Tex)

Power Play

Senators - 0 on 3 Attempt(s) - 0,00%
Little Stars - 1 on 2 Attempt(s) - 50,00%

Penalty Kill

Senators - 1 on 2 Attempt(s) - 50,00% - Score 1 goal in Penalty Kill
Little Stars - 3 on 3 Attempt(s) - 100,00% - Score 0 goal in Penalty Kill

Official

Referees : Rooney Chris and LaRue Dennis
Linesman : Ryan Galloway and Lyle Seitz

Game Notes

Alexander Vasyunov is injured at 1:52 of 3rd period (Right Hand)

Finance

Level 1 -- Attendance: 1500 (75,00%) -- Ticket Income 52 500 $
Level 2 -- Attendance: 768 (76,80%) -- Ticket Income 11 520 $
Total Attendance: 2268 (75,60%)
Total Ticket Income: 64 020 $
Other Income: 3 201 $
Total Income: 67 221 $

Senators

5 vs 5 Forward 
   Center                   Left Wing                Right Wing               Time % Phy DF OF 
 1 Rob Niedermayer          Niklas Hagman            Stanislav Chistov        40     1   2  2  
 2 Josh Hennessy            Sergei Kostitsyn         Steven Goertzen          30     1   2  2  
 3 Cody Hodgson             Brett Sterling           Jack Skille              20     1   2  2  
 4 Erik Haula               Gabriel Bourque          Zack Kassian             10     1   2  2  

5 vs 5 Defense 
   Defense                  Defense                                           Time % Phy DF OF 
 1 Vladimir Mihalik         Milan Jurcina                                     40     1   2  2  
 2 Logan Stephenson         Erik Karlsson                                     30     1   2  2  
 3 Shane Sims               Tyson Barrie                                      20     1   2  2  
 4 Vladimir Mihalik         Milan Jurcina                                     10     1   2  2  

PowerPlay Forward 
   Center                   Left Wing                Right Wing               Time % Phy DF OF 
 1 Rob Niedermayer          Niklas Hagman            Stanislav Chistov        60     1   2  2  
 2 Josh Hennessy            Sergei Kostitsyn         Steven Goertzen          40     1   2  2  

PowerPlay Defense
   Defense                  Defense                                           Time % Phy DF OF 
 1 Vladimir Mihalik         Milan Jurcina                                     60     1   2  2  
 2 Logan Stephenson         Erik Karlsson                                     40     1   2  2  

Penalty Kill 4 Players Forward 
   Center                   Wing                     Time % Phy DF OF 
 1 Rob Niedermayer          Niklas Hagman            60     1   2  2  
 2 Josh Hennessy            Stanislav Chistov        40     1   2  2  

Penalty Kill 4 Players Defense
   Defense                  Defense                  Time % Phy DF OF 
 1 Vladimir Mihalik         Milan Jurcina            60     1   2  2  
 2 Logan Stephenson         Erik Karlsson            40     1   2  2  

Penalty Kill - 3 Players Forward 
   Forward                                           Time % Phy DF OF 
 1 Rob Niedermayer                                   60     1   2  2  
 2 Niklas Hagman                                     40     1   2  2  

Penalty Kill - 3 Players Defense
   Defense                  Defense                  Time % Phy DF OF 
 1 Vladimir Mihalik         Milan Jurcina            60     1   2  2  
 2 Logan Stephenson         Erik Karlsson            40     1   2  2  

4 vs 4 Forward 
   Center                   Wing                     Time % Phy DF OF 
 1 Rob Niedermayer          Niklas Hagman            60     1   2  2  
 2 Josh Hennessy            Stanislav Chistov        40     1   2  2  

4 vs 4 Defense
   Defense                  Defense                  Time % Phy DF OF 
 1 Vladimir Mihalik         Milan Jurcina            60     1   2  2  
 2 Logan Stephenson         Erik Karlsson            40     1   2  2  

Last Minutes Offensive
   Center                   Left Wing                Right Wing               Defense                  Defense                  
   Rob Niedermayer          Niklas Hagman            Stanislav Chistov        Vladimir Mihalik         Milan Jurcina            

Last Minutes Defensive
   Center                   Left Wing                Right Wing               Defense                  Defense                  
   Rob Niedermayer          Niklas Hagman            Stanislav Chistov        Vladimir Mihalik         Milan Jurcina            

Goaltenders
Starting : Jacob Markstrom          
Backup : Alexander Salak          

Extra Forwards
Normal : Jack Skille, Brett Sterling, Cody Hodgson - PP : Jack Skille, Brett Sterling - PK : Cody Hodgson
Extra Defensemen
Normal : Shane Sims, Tyson Barrie, Logan Stephenson - PP : Shane Sims - PK : Tyson Barrie, Logan Stephenson
Penalty Shots
Rob Niedermayer, Niklas Hagman, Josh Hennessy, Stanislav Chistov, Sergei Kostitsyn

Little Stars

5 vs 5 Forward 
   Center                   Left Wing                Right Wing               Time % Phy DF OF 
 1 Marcus Kruger            Jesse Joensuu            Ryan Vesce               40     1   2  2  
 2 Cody Bass                Carl Hagelin             Hugh Jessiman            30     1   2  2  
 3 Corey Trivino            Alexander Vasyunov       Matt Halischuk           20     1   2  2  
 4 Landon Ferraro           Ryan Vesce               Jimmy Hayes              10     1   2  2  

5 vs 5 Defense 
   Defense                  Defense                                           Time % Phy DF OF 
 1 Mathieu Roy              Clay Wilson                                       40     1   2  2  
 2 Raphael Diaz             Cameron Schilling                                 30     1   2  2  
 3 Jared Spurgeon           Matt Pelech                                       20     1   2  2  
 4 Ryan Ellis               Danny DeKeiser                                    10     1   2  2  

PowerPlay Forward 
   Center                   Left Wing                Right Wing               Time % Phy DF OF 
 1 Marcus Kruger            Jesse Joensuu            Ryan Vesce               60     1   2  2  
 2 Cody Bass                Carl Hagelin             Hugh Jessiman            40     1   2  2  

PowerPlay Defense
   Defense                  Defense                                           Time % Phy DF OF 
 1 Mathieu Roy              Clay Wilson                                       60     1   2  2  
 2 Raphael Diaz             Cameron Schilling                                 40     1   2  2  

Penalty Kill 4 Players Forward 
   Center                   Wing                     Time % Phy DF OF 
 1 Ryan Vesce               Hugh Jessiman            60     1   2  2  
 2 Matt Halischuk           Marcus Kruger            40     1   2  2  

Penalty Kill 4 Players Defense
   Defense                  Defense                  Time % Phy DF OF 
 1 Mathieu Roy              Clay Wilson              60     1   2  2  
 2 Raphael Diaz             Cameron Schilling        40     1   2  2  

Penalty Kill - 3 Players Forward 
   Forward                                           Time % Phy DF OF 
 1 Ryan Vesce                                        60     1   2  2  
 2 Hugh Jessiman                                     40     1   2  2  

Penalty Kill - 3 Players Defense
   Defense                  Defense                  Time % Phy DF OF 
 1 Mathieu Roy              Clay Wilson              60     1   2  2  
 2 Raphael Diaz             Cameron Schilling        40     1   2  2  

4 vs 4 Forward 
   Center                   Wing                     Time % Phy DF OF 
 1 Ryan Vesce               Hugh Jessiman            60     1   2  2  
 2 Matt Halischuk           Marcus Kruger            40     1   2  2  

4 vs 4 Defense
   Defense                  Defense                  Time % Phy DF OF 
 1 Mathieu Roy              Clay Wilson              60     1   2  2  
 2 Raphael Diaz             Cameron Schilling        40     1   2  2  

Last Minutes Offensive
   Center                   Left Wing                Right Wing               Defense                  Defense                  
   Marcus Kruger            Jesse Joensuu            Ryan Vesce               Mathieu Roy              Clay Wilson              

Last Minutes Defensive
   Center                   Left Wing                Right Wing               Defense                  Defense                  
   Marcus Kruger            Jesse Joensuu            Ryan Vesce               Mathieu Roy              Clay Wilson              

Goaltenders
Starting : Erik Ersberg             
Backup : Ben Scrivens             

Extra Forwards
Normal : Jimmy Hayes, Alexander Vasyunov, Corey Trivino - PP : Jimmy Hayes, Alexander Vasyunov - PK : Corey Trivino
Extra Defensemen
Normal : Jared Spurgeon, Matt Pelech, Ryan Ellis - PP : Jared Spurgeon - PK : Matt Pelech, Ryan Ellis
Penalty Shots
Ryan Vesce, Hugh Jessiman, Matt Halischuk, Marcus Kruger, Cody Bass

% Time on Ice - Senators

Lines # - Real PCT - Wanted PCT - Time Play
Normal Forward
1 - 34% - 40% - 16:39
2 - 29% - 30% - 14:20
3 - 21% - 20% - 10:31
4 - 16% - 10% - 7:49
Normal Defense
1 - 35% - 40% - 17:23
2 - 35% - 30% - 17:26
3 - 25% - 20% - 12:10
4 - 5% - 10% - 2:20
PP Forward
1 - 64% - 60% - 3:50
2 - 36% - 40% - 2:07
PP Defense
1 - 71% - 60% - 4:15
2 - 29% - 40% - 1:42
PK Forward
1 - 73% - 60% - 2:40
2 - 27% - 40% - 1:00
PK Defense
1 - 49% - 60% - 1:48
2 - 51% - 40% - 1:52
PK3 Forward
1 - 0% - 60%
2 - 0% - 40%
PK3 Defense
1 - 0% - 60%
2 - 0% - 40%
44 Forward
1 - 0% - 60%
2 - 0% - 40%
44 Defense
1 - 0% - 60%
2 - 0% - 40%
Last Minute Offensive  - 1:04
Last Minute Defensive  - 0:00
Total
Forward - 60:00
Defense - 60:00

% Time on Ice - Little Stars

Lines # - Real PCT - Wanted PCT - Time Play
Normal Forward
1 - 33% - 40% - 16:18
2 - 30% - 30% - 14:54
3 - 25% - 20% - 12:26
4 - 12% - 10% - 5:42
Normal Defense
1 - 39% - 40% - 19:27
2 - 28% - 30% - 13:47
3 - 20% - 20% - 10:04
4 - 12% - 10% - 6:02
PP Forward
1 - 51% - 60% - 1:53
2 - 49% - 40% - 1:47
PP Defense
1 - 52% - 60% - 1:54
2 - 48% - 40% - 1:46
PK Forward
1 - 81% - 60% - 4:49
2 - 19% - 40% - 1:08
PK Defense
1 - 60% - 60% - 3:34
2 - 40% - 40% - 2:23
PK3 Forward
1 - 0% - 60%
2 - 0% - 40%
PK3 Defense
1 - 0% - 60%
2 - 0% - 40%
44 Forward
1 - 0% - 60%
2 - 0% - 40%
44 Defense
1 - 0% - 60%
2 - 0% - 40%
Last Minute Offensive  - 0:00
Last Minute Defensive  - 1:03
Total
Forward - 60:00
Defense - 60:00

Play by Play

1st period


0:01 of 1st period - Marcus Kruger wins face-off versus Rob Niedermayer in neutral zone.
0:03 of 1st period - Off-side.
0:04 of 1st period - Rob Niedermayer wins face-off versus Marcus Kruger in neutral zone.
0:17 of 1st period - Wrist shot by Rob Niedermayer.
0:17 of 1st period - Shot Misses the Net.
0:19 of 1st period - Snap shot by Rob Niedermayer.
0:19 of 1st period - Goal by Rob Niedermayer - Senators : 1 - Little Stars : 0.
0:20 of 1st period - Josh Hennessy wins face-off versus Cody Bass in neutral zone.
0:47 of 1st period - Alexander Vasyunov is hit by Cody Hodgson and loses puck.
1:14 of 1st period - Wrist shot by Jack Skille.
1:14 of 1st period - Stopped by Erik Ersberg with a rebound.
1:16 of 1st period - Wrist shot by Logan Stephenson.
1:16 of 1st period - Stopped by Erik Ersberg with a rebound.
1:47 of 1st period - Icing by Logan Stephenson.
1:48 of 1st period - Cody Bass wins face-off versus Cody Hodgson in Senators zone.
1:49 of 1st period - Snap shot by Hugh Jessiman.
1:49 of 1st period - Shot Misses the Net.
1:52 of 1st period - Icing by Logan Stephenson.
1:53 of 1st period - Cody Hodgson wins face-off versus Carl Hagelin in Senators zone.
2:05 of 1st period - Off-side.
2:06 of 1st period - Corey Trivino wins face-off versus Rob Niedermayer in neutral zone.
3:11 of 1st period - Ryan Ellis is hit by Stanislav Chistov.
3:33 of 1st period - Icing by Matt Halischuk.
3:34 of 1st period - Josh Hennessy wins face-off versus Corey Trivino in Little Stars zone.
3:41 of 1st period - Wrist shot by Sergei Kostitsyn.
3:41 of 1st period - Stopped by Erik Ersberg with a rebound.
3:43 of 1st period - Slapshot by Shane Sims.
3:43 of 1st period - Shot Blocked by Matt Halischuk.
4:01 of 1st period - Snap shot by Carl Hagelin.
4:01 of 1st period - Stopped by Jacob Markstrom with a rebound.
4:03 of 1st period - Slapshot by Cameron Schilling.
4:03 of 1st period - Stopped by Jacob Markstrom with a rebound.
4:07 of 1st period - Wrist shot by Hugh Jessiman.
4:07 of 1st period - Deflect By Carl Hagelin.
4:07 of 1st period - Stopped by Jacob Markstrom with a rebound.
4:09 of 1st period - Snap shot by Carl Hagelin.
4:09 of 1st period - Stopped by Jacob Markstrom with a rebound.
4:16 of 1st period - Icing by Shane Sims.
4:17 of 1st period - Erik Haula wins face-off versus Jesse Joensuu in Senators zone.
4:32 of 1st period - Slapshot by Zack Kassian.
4:32 of 1st period - Stopped by Erik Ersberg with a rebound.
5:41 of 1st period - Off-side.
5:42 of 1st period - Cody Bass wins face-off versus Josh Hennessy in neutral zone.
5:48 of 1st period - Sergei Kostitsyn is hit by Cody Bass and loses puck.
6:13 of 1st period - Matt Pelech is hit by Zack Kassian and loses puck.
6:58 of 1st period - Wrist shot by Jimmy Hayes.
6:58 of 1st period - Shot Blocked by Shane Sims.
7:16 of 1st period - Snap shot by Hugh Jessiman.
7:16 of 1st period - Stopped by Jacob Markstrom without a rebound.
7:17 of 1st period - Erik Haula wins face-off versus Cody Bass in Senators zone.
7:28 of 1st period - Off-side.
7:29 of 1st period - Marcus Kruger wins face-off versus Rob Niedermayer in neutral zone.
7:54 of 1st period - Vladimir Mihalik is hit by Hugh Jessiman.
7:58 of 1st period - Sergei Kostitsyn is hit by Cody Bass and loses puck.
9:13 of 1st period - Steven Goertzen is hit by Clay Wilson and loses puck.
10:42 of 1st period - Jared Spurgeon is hit by Stanislav Chistov and loses puck.
11:28 of 1st period - Ryan Vesce is hit by Zack Kassian and loses puck.
11:39 of 1st period - Vladimir Mihalik is hit by Mathieu Roy and loses puck.
13:07 of 1st period - Slapshot by Sergei Kostitsyn.
13:07 of 1st period - Stopped by Erik Ersberg with a rebound.
14:04 of 1st period - Wrist shot by Niklas Hagman.
14:04 of 1st period - Stopped by Erik Ersberg with a rebound.
14:33 of 1st period - Off-side.
14:34 of 1st period - Erik Haula wins face-off versus Marcus Kruger in neutral zone.
15:03 of 1st period - Gabriel Bourque is hit by Jimmy Hayes and loses puck.
15:51 of 1st period - Carl Hagelin is hit by Milan Jurcina and loses puck.
16:04 of 1st period - Snap shot by Cody Hodgson.
16:04 of 1st period - Stopped by Erik Ersberg with a rebound.
16:59 of 1st period - Snap shot by Matt Halischuk.
16:59 of 1st period - Shot Misses the Net.
17:01 of 1st period - Snap shot by Corey Trivino.
17:01 of 1st period - Goal by Corey Trivino - Senators : 1 - Little Stars : 1.
17:02 of 1st period - Marcus Kruger wins face-off versus Rob Niedermayer in neutral zone.
17:05 of 1st period - Wrist shot by Jesse Joensuu.
17:05 of 1st period - Stopped by Jacob Markstrom without a rebound.
17:06 of 1st period - Marcus Kruger wins face-off versus Rob Niedermayer in Senators zone.
17:15 of 1st period - Snap shot by Ryan Vesce.
17:15 of 1st period - Stopped by Jacob Markstrom without a rebound.
17:16 of 1st period - Rob Niedermayer wins face-off versus Marcus Kruger in Senators zone.
17:25 of 1st period - Snap shot by Rob Niedermayer.
17:25 of 1st period - Deflect By Clay Wilson.
17:25 of 1st period - Goal by Rob Niedermayer - Senators : 2 - Little Stars : 1.
17:26 of 1st period - Rob Niedermayer wins face-off versus Marcus Kruger in neutral zone.
17:41 of 1st period - Jesse Joensuu is hit by Milan Jurcina.
18:17 of 1st period - Slapshot by Matt Halischuk.
18:17 of 1st period - Goal by Matt Halischuk - Senators : 2 - Little Stars : 2.
18:18 of 1st period - Rob Niedermayer wins face-off versus Marcus Kruger in neutral zone.
19:32 of 1st period - Snap shot by Ryan Vesce.
19:32 of 1st period - Stopped by Jacob Markstrom with a rebound.
19:44 of 1st period - Zack Kassian is hit by Marcus Kruger and loses puck.
19:55 of 1st period - Ryan Vesce is hit by Zack Kassian and loses puck.
Goals for this period are 2 for Senators vs 2 for Little Stars.
Shots for this period are 9 for Senators vs 10 for Little Stars.

2nd period


0:01 of 2nd period - Rob Niedermayer wins face-off versus Marcus Kruger in neutral zone.
0:27 of 2nd period - Josh Hennessy is hit by Corey Trivino and loses puck.
0:54 of 2nd period - Slapshot by Jack Skille.
0:54 of 2nd period - Stopped by Erik Ersberg without a rebound.
0:55 of 2nd period - Rob Niedermayer wins face-off versus Cody Bass in Little Stars zone.
1:29 of 2nd period - Off-side.
1:30 of 2nd period - Rob Niedermayer wins face-off versus Jesse Joensuu in neutral zone.
1:43 of 2nd period - Wrist shot by Marcus Kruger.
1:43 of 2nd period - Shot Misses the Net.
1:45 of 2nd period - Snap shot by Mathieu Roy.
1:45 of 2nd period - Goal by Mathieu Roy - Senators : 2 - Little Stars : 3.
1:46 of 2nd period - Rob Niedermayer wins face-off versus Marcus Kruger in neutral zone.
1:53 of 2nd period - Wrist shot by Stanislav Chistov.
1:53 of 2nd period - Shot Misses the Net.
1:55 of 2nd period - Wrist shot by Stanislav Chistov.
1:55 of 2nd period - Stopped by Erik Ersberg without a rebound.
1:56 of 2nd period - Rob Niedermayer wins face-off versus Marcus Kruger in Little Stars zone.
2:07 of 2nd period - Snap shot by Rob Niedermayer.
2:07 of 2nd period - Stopped by Erik Ersberg with a rebound.
2:11 of 2nd period - Wrist shot by Stanislav Chistov.
2:11 of 2nd period - Stopped by Erik Ersberg with a rebound.
2:15 of 2nd period - Snap shot by Stanislav Chistov.
2:15 of 2nd period - Stopped by Erik Ersberg with a rebound.
2:17 of 2nd period - Snap shot by Rob Niedermayer.
2:17 of 2nd period - Stopped by Erik Ersberg with a rebound.
2:25 of 2nd period - Snap shot by Rob Niedermayer.
2:25 of 2nd period - Shot Misses the Net.
2:27 of 2nd period - Slapshot by Vladimir Mihalik.
2:27 of 2nd period - Shot Misses the Net.
2:29 of 2nd period - Snap shot by Milan Jurcina.
2:29 of 2nd period - Stopped by Erik Ersberg without a rebound.
2:30 of 2nd period - Josh Hennessy wins face-off versus Cody Bass in Little Stars zone.
2:35 of 2nd period - Snap shot by Sergei Kostitsyn.
2:35 of 2nd period - Goal by Sergei Kostitsyn - Senators : 3 - Little Stars : 3.
2:36 of 2nd period - Josh Hennessy wins face-off versus Marcus Kruger in neutral zone.
2:39 of 2nd period - Wrist shot by Steven Goertzen.
2:39 of 2nd period - Stopped by Erik Ersberg without a rebound.
2:40 of 2nd period - Marcus Kruger wins face-off versus Josh Hennessy in Little Stars zone.
3:14 of 2nd period - Wrist shot by Carl Hagelin.
3:14 of 2nd period - Shot Blocked by Vladimir Mihalik.
4:00 of 2nd period - Snap shot by Brett Sterling.
4:00 of 2nd period - Stopped by Erik Ersberg with a rebound.
4:10 of 2nd period - Steven Goertzen is hit by Carl Hagelin and loses puck.
4:16 of 2nd period - Minor Penalty to Steven Goertzen for Boarding.
4:17 of 2nd period - Marcus Kruger wins face-off versus Rob Niedermayer in Senators zone.
4:41 of 2nd period - Logan Stephenson is hit by Carl Hagelin and loses puck.
4:54 of 2nd period - Clay Wilson is hit by Vladimir Mihalik and loses puck.
5:01 of 2nd period - Snap shot by Stanislav Chistov.
5:01 of 2nd period - Goal by Stanislav Chistov - Senators : 4 - Little Stars : 3.
5:02 of 2nd period - Rob Niedermayer wins face-off versus Marcus Kruger in neutral zone.
5:07 of 2nd period - Slapshot by Milan Jurcina.
5:07 of 2nd period - Stopped by Erik Ersberg with a rebound.
5:47 of 2nd period - Icing by Ryan Vesce.
5:48 of 2nd period - Marcus Kruger wins face-off versus Rob Niedermayer in Little Stars zone.
5:57 of 2nd period - Snap shot by Ryan Vesce.
5:57 of 2nd period - Goal by Ryan Vesce - Senators : 4 - Little Stars : 4.
5:58 of 2nd period - Josh Hennessy wins face-off versus Marcus Kruger in neutral zone.
6:03 of 2nd period - Slapshot by Vladimir Mihalik.
6:03 of 2nd period - Stopped by Erik Ersberg with a rebound.
6:13 of 2nd period - Wrist shot by Marcus Kruger.
6:13 of 2nd period - Shot Misses the Net.
6:47 of 2nd period - Sergei Kostitsyn is hit by Mathieu Roy.
6:57 of 2nd period - Snap shot by Steven Goertzen.
6:57 of 2nd period - Shot Blocked by Cameron Schilling.
6:59 of 2nd period - Slapshot by Vladimir Mihalik.
6:59 of 2nd period - Deflect By Josh Hennessy.
6:59 of 2nd period - Shot Misses the Net.
6:59 of 2nd period - Puck is out of play.
7:00 of 2nd period - Marcus Kruger wins face-off versus Rob Niedermayer in Little Stars zone.
7:22 of 2nd period - Minor Penalty to Ryan Vesce for Goalie Interference.
7:23 of 2nd period - Rob Niedermayer wins face-off versus Corey Trivino in Little Stars zone.
7:30 of 2nd period - Snap shot by Rob Niedermayer.
7:30 of 2nd period - Shot Misses the Net.
7:38 of 2nd period - Snap shot by Stanislav Chistov.
7:38 of 2nd period - Shot Misses the Net.
8:55 of 2nd period - Vladimir Mihalik is hit by Alexander Vasyunov and loses puck.
9:22 of 2nd period - Penalty to Ryan Vesce is over, Ryan Vesce is back on ice.
11:35 of 2nd period - Slapshot by Vladimir Mihalik.
11:35 of 2nd period - Deflect By Brett Sterling.
11:35 of 2nd period - Stopped by Erik Ersberg with a rebound.
11:47 of 2nd period - Zack Kassian is hit by Jimmy Hayes and loses puck.
13:06 of 2nd period - Corey Trivino is hit by Shane Sims and loses puck.
13:39 of 2nd period - Icing by Ryan Ellis.
13:40 of 2nd period - Marcus Kruger wins face-off versus Cody Hodgson in Little Stars zone.
14:00 of 2nd period - Matt Halischuk is hit by Jack Skille and loses puck.
14:17 of 2nd period - Wrist shot by Ryan Vesce.
14:17 of 2nd period - Stopped by Jacob Markstrom with a rebound.
14:50 of 2nd period - Minor Penalty to Josh Hennessy for Interference.
14:51 of 2nd period - Niklas Hagman wins face-off versus Marcus Kruger in Senators zone.
16:50 of 2nd period - Penalty to Josh Hennessy is over, Josh Hennessy is back on ice.
17:00 of 2nd period - Snap shot by Josh Hennessy.
17:00 of 2nd period - Stopped by Erik Ersberg with a rebound.
17:30 of 2nd period - Cody Hodgson is hit by Jimmy Hayes and loses puck.
17:49 of 2nd period - Danny DeKeiser is hit by Stanislav Chistov and loses puck.
19:04 of 2nd period - Corey Trivino is hit by Stanislav Chistov and loses puck.
Goals for this period are 2 for Senators vs 2 for Little Stars.
Shots for this period are 15 for Senators vs 3 for Little Stars.

3rd period


0:01 of 3rd period - Marcus Kruger wins face-off versus Rob Niedermayer in neutral zone.
0:08 of 3rd period - Snap shot by Marcus Kruger.
0:08 of 3rd period - Goal by Marcus Kruger - Senators : 4 - Little Stars : 5.
0:09 of 3rd period - Marcus Kruger wins face-off versus Rob Niedermayer in neutral zone.
0:36 of 3rd period - Steven Goertzen is hit by Cody Bass and loses puck.
0:41 of 3rd period - Wrist shot by Hugh Jessiman.
0:41 of 3rd period - Shot Misses the Net.
0:43 of 3rd period - Slapshot by Raphael Diaz.
0:43 of 3rd period - Shot Blocked by Milan Jurcina.
0:59 of 3rd period - Snap shot by Cody Hodgson.
0:59 of 3rd period - Stopped by Erik Ersberg with a rebound.
1:01 of 3rd period - Snap shot by Cody Hodgson.
1:01 of 3rd period - Stopped by Erik Ersberg without a rebound.
1:02 of 3rd period - Marcus Kruger wins face-off versus Rob Niedermayer in Little Stars zone.
1:11 of 3rd period - Niklas Hagman is hit by Clay Wilson and loses puck.
1:51 of 3rd period - Alexander Vasyunov is hit by Jack Skille and loses puck.
1:52 of 3rd period - Alexander Vasyunov from Little Stars is injured at 1:52 of 3rd period (Right Hand).
1:53 of 3rd period - Ryan Vesce wins face-off versus Rob Niedermayer in Little Stars zone.
2:19 of 3rd period - Sergei Kostitsyn is hit by Carl Hagelin and loses puck.
2:30 of 3rd period - Slapshot by Sergei Kostitsyn.
2:30 of 3rd period - Shot Blocked by Carl Hagelin.
2:44 of 3rd period - Snap shot by Matt Halischuk.
2:44 of 3rd period - Stopped by Jacob Markstrom with a rebound.
2:46 of 3rd period - Slapshot by Jared Spurgeon.
2:46 of 3rd period - Stopped by Jacob Markstrom without a rebound.
2:47 of 3rd period - Marcus Kruger wins face-off versus Rob Niedermayer in Senators zone.
2:48 of 3rd period - Wrist shot by Ryan Vesce.
2:48 of 3rd period - Stopped by Jacob Markstrom with a rebound.
2:50 of 3rd period - Snap shot by Jesse Joensuu.
2:50 of 3rd period - Stopped by Jacob Markstrom without a rebound.
2:51 of 3rd period - Marcus Kruger wins face-off versus Rob Niedermayer in Senators zone.
2:54 of 3rd period - Wrist shot by Ryan Vesce.
2:54 of 3rd period - Deflect By Marcus Kruger.
2:54 of 3rd period - Stopped by Jacob Markstrom with a rebound.
2:56 of 3rd period - Snap shot by Matt Pelech.
2:56 of 3rd period - Stopped by Jacob Markstrom with a rebound.
3:36 of 3rd period - Jack Skille is hit by Matt Halischuk and loses puck.
3:41 of 3rd period - Slapshot by Clay Wilson.
3:41 of 3rd period - Shot Blocked by Brett Sterling.
3:43 of 3rd period - Wrist shot by Matt Halischuk.
3:43 of 3rd period - Stopped by Jacob Markstrom without a rebound.
3:44 of 3rd period - Rob Niedermayer wins face-off versus Marcus Kruger in Senators zone.
3:44 of 3rd period - Rob Niedermayer is hit by Marcus Kruger.
3:55 of 3rd period - Minor Penalty to Jesse Joensuu for Holding Stick.
3:56 of 3rd period - Ryan Vesce wins face-off versus Rob Niedermayer in Little Stars zone.
4:06 of 3rd period - Snap shot by Hugh Jessiman.
4:06 of 3rd period - Deflect By Ryan Vesce.
4:06 of 3rd period - Shot Misses the Net.
4:06 of 3rd period - Puck is out of play.
4:07 of 3rd period - Ryan Vesce wins face-off versus Rob Niedermayer in Senators zone.
4:12 of 3rd period - Snap shot by Ryan Vesce.
4:12 of 3rd period - Shot Blocked by Milan Jurcina.
4:14 of 3rd period - Slapshot by Clay Wilson.
4:14 of 3rd period - Deflect By Ryan Vesce.
4:14 of 3rd period - Shot Blocked by Vladimir Mihalik.
4:14 of 3rd period - Puck is out of play.
4:15 of 3rd period - Rob Niedermayer wins face-off versus Ryan Vesce in Senators zone.
4:46 of 3rd period - Wrist shot by Stanislav Chistov.
4:46 of 3rd period - Stopped by Erik Ersberg with a rebound.
4:58 of 3rd period - Hugh Jessiman is hit by Stanislav Chistov and loses puck.
5:37 of 3rd period - Off-side.
5:38 of 3rd period - Josh Hennessy wins face-off versus Carl Hagelin in neutral zone.
5:41 of 3rd period - Snap shot by Josh Hennessy.
5:41 of 3rd period - Stopped by Erik Ersberg without a rebound.
5:42 of 3rd period - Corey Trivino wins face-off versus Josh Hennessy in Little Stars zone.
5:53 of 3rd period - Slapshot by Erik Karlsson.
5:53 of 3rd period - Shot Hit the Post.
5:55 of 3rd period - Penalty to Jesse Joensuu is over, Jesse Joensuu is back on ice.
5:59 of 3rd period - Logan Stephenson is hit by Ryan Vesce and loses puck.
6:23 of 3rd period - Wrist shot by Ryan Vesce.
6:23 of 3rd period - Shot Misses the Net.
6:25 of 3rd period - Slapshot by Ryan Vesce.
6:25 of 3rd period - Stopped by Jacob Markstrom without a rebound.
6:26 of 3rd period - Corey Trivino wins face-off versus Brett Sterling in Senators zone.
6:27 of 3rd period - Slapshot by Raphael Diaz.
6:27 of 3rd period - Stopped by Jacob Markstrom with a rebound.
6:29 of 3rd period - Snap shot by Raphael Diaz.
6:29 of 3rd period - Stopped by Jacob Markstrom without a rebound.
6:30 of 3rd period - Cody Hodgson wins face-off versus Corey Trivino in Senators zone.
6:41 of 3rd period - Slapshot by Raphael Diaz.
6:41 of 3rd period - Stopped by Jacob Markstrom without a rebound.
6:42 of 3rd period - Rob Niedermayer wins face-off versus Marcus Kruger in Senators zone.
7:13 of 3rd period - Wrist shot by Niklas Hagman.
7:13 of 3rd period - Stopped by Erik Ersberg with a rebound.
8:02 of 3rd period - Snap shot by Erik Karlsson.
8:02 of 3rd period - Shot Misses the Net.
8:11 of 3rd period - Icing by Brett Sterling.
8:12 of 3rd period - Cody Hodgson wins face-off versus Corey Trivino in Senators zone.
8:48 of 3rd period - Snap shot by Jimmy Hayes.
8:48 of 3rd period - Stopped by Jacob Markstrom without a rebound.
8:49 of 3rd period - Rob Niedermayer wins face-off versus Marcus Kruger in Senators zone.
8:49 of 3rd period - Rob Niedermayer is hit by Mathieu Roy.
9:04 of 3rd period - Minor Penalty to Jesse Joensuu for Hooking.
9:05 of 3rd period - Rob Niedermayer wins face-off versus Ryan Vesce in Little Stars zone.
9:20 of 3rd period - Mathieu Roy is hit by Rob Niedermayer and loses puck.
9:37 of 3rd period - Slapshot by Mathieu Roy.
9:37 of 3rd period - Shot Misses the Net.
11:04 of 3rd period - Penalty to Jesse Joensuu is over, Jesse Joensuu is back on ice.
11:06 of 3rd period - Marcus Kruger is hit by Jack Skille and loses puck.
11:56 of 3rd period - Icing by Jimmy Hayes.
11:57 of 3rd period - Landon Ferraro wins face-off versus Josh Hennessy in Little Stars zone.
12:09 of 3rd period - Matt Halischuk is hit by Steven Goertzen and loses puck.
12:48 of 3rd period - Wrist shot by Cody Hodgson.
12:48 of 3rd period - Shot Blocked by Ryan Ellis.
13:02 of 3rd period - Snap shot by Carl Hagelin.
13:02 of 3rd period - Stopped by Jacob Markstrom with a rebound.
13:08 of 3rd period - Snap shot by Hugh Jessiman.
13:08 of 3rd period - Shot Misses the Net.
13:18 of 3rd period - Matt Pelech is hit by Josh Hennessy and loses puck.
13:29 of 3rd period - Jared Spurgeon is hit by Steven Goertzen and loses puck.
13:44 of 3rd period - Slapshot by Rob Niedermayer.
13:44 of 3rd period - Stopped by Erik Ersberg without a rebound.
13:45 of 3rd period - Cody Bass wins face-off versus Niklas Hagman in Little Stars zone.
13:50 of 3rd period - Slapshot by Clay Wilson.
13:50 of 3rd period - Shot Misses the Net.
14:10 of 3rd period - Slapshot by Josh Hennessy.
14:10 of 3rd period - Shot Misses the Net.
14:12 of 3rd period - Snap shot by Steven Goertzen.
14:12 of 3rd period - Stopped by Erik Ersberg without a rebound.
14:13 of 3rd period - Landon Ferraro wins face-off versus Josh Hennessy in Little Stars zone.
15:01 of 3rd period - Jesse Joensuu is hit by Josh Hennessy and loses puck.
15:12 of 3rd period - Wrist shot by Josh Hennessy.
15:12 of 3rd period - Shot Misses the Net.
15:14 of 3rd period - Wrist shot by Sergei Kostitsyn.
15:14 of 3rd period - Deflect By Josh Hennessy.
15:14 of 3rd period - Shot Misses the Net.
15:14 of 3rd period - Puck is out of play.
15:15 of 3rd period - Carl Hagelin wins face-off versus Cody Hodgson in Little Stars zone.
15:15 of 3rd period - Carl Hagelin is hit by Milan Jurcina.
15:39 of 3rd period - Snap shot by Stanislav Chistov.
15:39 of 3rd period - Stopped by Erik Ersberg with a rebound.
15:41 of 3rd period - Snap shot by Niklas Hagman.
15:41 of 3rd period - Stopped by Erik Ersberg with a rebound.
15:43 of 3rd period - Slapshot by Stanislav Chistov.
15:43 of 3rd period - Shot Misses the Net.
15:45 of 3rd period - Wrist shot by Stanislav Chistov.
15:45 of 3rd period - Stopped by Erik Ersberg without a rebound.
15:46 of 3rd period - Cody Hodgson wins face-off versus Cody Bass in Little Stars zone.
16:01 of 3rd period - Backhand shot by Jack Skille.
16:01 of 3rd period - Shot Blocked by Raphael Diaz.
16:11 of 3rd period - Logan Stephenson is hit by Ryan Vesce and loses puck.
16:18 of 3rd period - Wrist shot by Ryan Vesce.
16:18 of 3rd period - Stopped by Jacob Markstrom with a rebound.
16:52 of 3rd period - Wrist shot by Josh Hennessy.
16:52 of 3rd period - Stopped by Erik Ersberg with a rebound.
16:54 of 3rd period - Snap shot by Josh Hennessy.
16:54 of 3rd period - Stopped by Erik Ersberg with a rebound.
16:56 of 3rd period - Snap shot by Sergei Kostitsyn.
16:56 of 3rd period - Shot Blocked by Clay Wilson.
16:58 of 3rd period - Snap shot by Sergei Kostitsyn.
16:58 of 3rd period - Shot Misses the Net.
17:14 of 3rd period - Jesse Joensuu is hit by Cody Hodgson and loses puck.
17:31 of 3rd period - Cody Bass is hit by Niklas Hagman and loses puck.
18:06 of 3rd period - Icing by Niklas Hagman.
18:07 of 3rd period - Rob Niedermayer wins face-off versus Marcus Kruger in Senators zone.
18:13 of 3rd period - Off-side.
18:14 of 3rd period - Cody Hodgson wins face-off versus Marcus Kruger in neutral zone.
19:10 of 3rd period - Senators, Jacob Markstrom is pulled from the net.
19:16 of 3rd period - Wrist shot by Niklas Hagman.
19:16 of 3rd period - Shot Misses the Net.
19:28 of 3rd period - Stanislav Chistov is hit by Jesse Joensuu and loses puck.
Goals for this period are 0 for Senators vs 1 for Little Stars.
Shots for this period are 12 for Senators vs 15 for Little Stars.


Output by the SimonT Hockey Simulator (STHS) for François Prévost -- Original Page W3C XHTML 1.0 Valid
Hockey Simulator - Hockey Simulation - Hockey Manager